 Dungeon Crawl Stone Soup version 0.17.2-1-ge4368a0 (console) character file.

49 Goblin1989 the Sneak (level 3, 16/16 HPs)
             Began as a Spriggan Enchanter on Nov 20, 2016.
             Quit the game on level 1 of the Dungeon on Nov 21, 2016.
             The game lasted 00:04:03 (1675 turns).

Goblin1989 the Sneak (Spriggan Enchanter)           Turns: 1675, Time: 00:04:03

Health: 16/16      AC:  4    Str:  4    XL:     3   Next: 53%
Magic:  9/9        EV: 18    Int: 17    God:
Gold:   12         SH:  0    Dex: 16    Spells: 3 memorised, 3 levels left

rFire  . . .     SeeInvis +     a - +1 dagger
rCold  . . .     Clarity  .     b - +1 robe
rNeg   . . .     SustAt   .     (shield restricted)
rPois  .         Gourm    .     (helmet restricted)
rElec  .         Spirit   .     g - +0 cloak
rCorr  .         Warding  .     (gloves unavailable)
rMut   .         Stasis   .     (boots unavailable)
MR     .....                    (no amulet)
Stlth  ++........               (no ring)
                                (no ring)

@: very quick, not resistant to hostile enchantments, unstealthy
A: unfitting armour, see invisible, herbivore 3, speed 3, slow metabolism 2
a: no special abilities


You were on level 1 of the Dungeon.
You were not hungry.

You visited 1 branch of the dungeon, and saw 1 of its levels.

You collected 12 gold pieces.

Inventory:

Hand Weapons
 a - a +1 dagger (weapon)
Armour
 b - a +1 robe (worn)
 g - a +0 cloak (worn)
Scrolls
 e - a scroll of magic mapping {unknown}
 f - a scroll of fog {unknown}
Books
 c - a book of Maledictions

   Spells                             Type                      Level
   a - Corona                         Hexes                        1
   b - Ensorcelled Hibernation        Hexes/Ice                    2
   c - Confuse                        Hexes                        3
   d - Tukima's Dance                 Hexes                        3
   e - Dazzling Spray                 Conjuration/Hexes            3
Comestibles
 d - 2 bread rations {@e1}


   Skills:
 - Level 1.1 Short Blades
 - Level 3.0 Dodging
 + Level 5.1 Stealth
 + Level 3.6 Spellcasting
 * Level 4.5 Hexes


You had 3 spell levels left.
You knew the following spells:

 Your Spells              Type           Power        Failure   Level  Hunger
a - Corona                Hex            ###....      2%          1    None
x - Confuse               Hex            ###.....     10%         3    ###....
z - Ensorcelled Hibernat  Hex/Ice        ##....       12%         2    ##.....


Dungeon Overview and Level Annotations

Branches:
Dungeon (1/15)

Altars:


Innate Abilities, Weirdness & Mutations

You are tiny and cannot use many weapons and most armour.
You have supernaturally acute eyesight.
You are a herbivore.
You cover ground extremely quickly.
You need consume almost no food.


Message History

You regained 2 mp, and now have 5/9 mp.
You start resting.
Magic restored.
MP restored: 9 You start resting.
HP restored.
Health restored: 16 You see here a club.
You see here a club.
There is an open door here.
You enter the shallow water.
Moving in this stuff is going to be slow.
Done exploring.
Saving game... please wait.
Welcome back, Goblin1989 the Spriggan Enchanter.
Press ? for a list of commands and other information.
Unknown command.
Assign waypoint to what number? (0-9)
Okay, then.
Are you sure you want to abandon this character and quit the game? (Confirm with "yes".) ███ █████ █.████.█.████ █............ █.████.█.████ █████

█.█ █.█.█
██♣≈≈≈███.████.█.█
█..♣@≈≈██.█....█.█
███..♣♣♣██.█.████.█
█<......∆..█.████.█
███..♣♣♣█.........█
█..♣≈≈≈██.███████████
██♣≈≈≈██.............
█████████████..███████████
█.......................█
███████...███..████████.█


There were no monsters in sight!

Vanquished Creatures
  An adder (D:1)
  A gnoll (D:1)
  An ooze (D:1)
  3 giant geckos (D:1)
  2 giant cockroaches (D:1)
  A hobgoblin (D:1)
  4 kobolds (D:1)
  3 bats (D:1)
  3 giant newts (D:1)
  4 goblins (D:1)
  2 rats (D:1)
25 creatures vanquished.

Notes
Turn   | Place    | Note
--------------------------------------------------------------
     0 | D:1      | Goblin1989 the Spriggan Enchanter began the quest for the Orb.
     0 | D:1      | Reached XP level 1. HP: 9/9 MP: 5/5
   322 | D:1      | Reached XP level 2. HP: 5/13 MP: 5/7
   737 | D:1      | Reached XP level 3. HP: 12/16 MP: 6/8
   812 | D:1      | Learned a level 3 spell: Confuse
   815 | D:1      | Learned a level 2 spell: Ensorcelled Hibernation
   935 | D:1      | Reached skill level 5 in Stealth
  1675 | D:1      | Quit the game

Action                   || total
-------------------------++-------
Melee: Dagger            ||    85
 Cast: Corona            ||     8
       Ensorcelled Hiber ||     2
 Stab: Sleeping          ||     8

Vault maps used:
D:1:      saegor_arrival_simple_d, minmay_misc_feat_columns,
          hangedman_decor_points, due_unseen_surprise
